TOP OF THE 1ST |
Kingsport Mets batting - Pitching for Ogden Raptors : RHP Ian Wilson
|
Pitching: RHP Ian Wilson
|
|
Batting: RHB Josh Jones
|
0-0: Ball 1-0: Called Strike 1-1: Called Strike 1-2: Ball 2-2: Ball 3-2: Strikes out swinging
|
Batting: SHB Callum Lynch
|
0-0: SINGLE (Groundball, 25, EV 64.4 MPH) (infield hit)
|
Batting: SHB Jason Evans
|
0-0: Ball 1-0: Foul Ball, location: 2F 1-1: Swinging Strike 1-2: SINGLE (Groundball, 34, EV 103.1 MPH) (infield hit) Callum Lynch to second
|
Batting: RHB Coltin Nellis
|
0-0: Ball 1-0: Ball 2-0: Ball Callum Lynch steals 3rd base 3-0: Called Strike 3-1: Base on Balls Jason Evans to second
|
Batting: RHB Jerry Burch
|
0-0: Called Strike 0-1: Fielders Choice at 2nd, 6-4 (Groundball, 6S, EV 87.5 MPH) Callum Lynch scores Jason Evans to third
|
Batting: RHB J.D. Brese
|
0-0: Ball 1-0: Swinging Strike 1-1: Ground out 1-3 (Groundball, 13S, EV 71.3 MPH)
|
Top of the 1st over - 1 run, 2 hits, 0 errors, 2 left on base; Kingsport 1 - Ogden 0 |
BOTTOM OF THE 1ST |
Ogden Raptors batting - Pitching for Kingsport Mets : RHP Wei-hong Qi
|
Pitching: RHP Wei-hong Qi
|
|
Batting: LHB Santiago Chavira
|
0-0: Bunt missed! 0-1: Fly out, F8 (Flyball, 8RS, EV 75.0 MPH)
|
Batting: LHB Stephen Van Raalte
|
0-0: Ball 1-0: Fly out, F9 (Flyball, 89D, EV 101.9 MPH)
|
Batting: LHB Mike Dickinson
|
0-0: Ball 1-0: Foul Ball, location: 2F 1-1: Ground out 4-3 (Groundball, 4, EV 82.5 MPH)
|
Bottom of the 1st over - 0 runs, 0 hits, 0 errors, 0 left on base; Kingsport 1 - Ogden 0 |
TOP OF THE 2ND |
Kingsport Mets batting - Pitching for Ogden Raptors : RHP Ian Wilson
|
Pitching: RHP Ramon Luna
|
|
Batting: RHB Frank Shaw
|
0-0: Foul Ball, location: 2F 0-1: Ball 1-1: Swinging Strike 1-2: Ground out 6-3 (Groundball, 6, EV 90.0 MPH)
|
Batting: RHB Danny Runberg
|
0-0: Ball 1-0: SOLO HOME RUN (Line Drive, 89XD, EV 108.8 MPH), Distance : 423 ft
|
Batting: RHB Jack Nickleberry
|
0-0: Ball 1-0: Called Strike 1-1: Foul Ball, location: 2F 1-2: Ball 2-2: SINGLE (Groundball, 4D, EV 102.5 MPH)
|
Batting: RHB Josh Jones
|
0-0: Called Strike 0-1: Ball 1-1: Called Strike 1-2: DOUBLE (Groundball, 5L, EV 106.3 MPH) Jack Nickleberry to third
|
Batting: SHB Callum Lynch
|
0-0: Ball 1-0: DOUBLE (Line Drive, 5D, EV 100.0 MPH) Jack Nickleberry scores Josh Jones scores
|
Batting: SHB Jason Evans
|
0-0: Ball 1-0: Called Strike 1-1: Ball 2-1: Ball 3-1: Base on Balls
|
Pitching: RHP Cory Fischer
|
|
Batting: RHB Coltin Nellis
|
0-0: Fielders Choice at 2nd, 6-4 (Groundball, 6, EV 83.8 MPH) Callum Lynch to third
|
Batting: RHB Jerry Burch
|
0-0: Ball 1-0: Foul Ball, location: 2F 1-1: Called Strike 1-2: Ball 2-2: Ball 3-2: Strikes out swinging, 2-3 out at first.
|
Top of the 2nd over - 3 runs, 4 hits, 0 errors, 2 left on base; Kingsport 4 - Ogden 0 |
BOTTOM OF THE 2ND |
Ogden Raptors batting - Pitching for Kingsport Mets : RHP Wei-hong Qi
|
Batting: LHB Mitchell Casey
|
0-0: Called Strike 0-1: Ball 1-1: Ball 2-1: SINGLE (Flyball, 9LS, EV 87.5 MPH)
|
Batting: RHB Gary Ming
|
0-0: Foul Ball, location: 2F 0-1: Called Strike 0-2: Ball 1-2: Ball 2-2: Grounds into double play, 6-4-3 (Groundball, 6, EV 82.5 MPH)
|
Batting: RHB Kevin Ezell
|
0-0: Ball 1-0: Foul Ball, location: 2F 1-1: Swinging Strike 1-2: Foul Ball, location: 2F 1-2: Ball 2-2: Strikes out swinging
|
Bottom of the 2nd over - 0 runs, 1 hit, 0 errors, 0 left on base; Kingsport 4 - Ogden 0 |
TOP OF THE 3RD |
Kingsport Mets batting - Pitching for Ogden Raptors : RHP Cory Fischer
|
Batting: RHB J.D. Brese
|
0-0: Foul Ball, location: 2F 0-1: Called Strike 0-2: Ball 1-2: Strikes out swinging
|
Batting: RHB Frank Shaw
|
0-0: Ball 1-0: SINGLE (Groundball, 6MD, EV 96.3 MPH)
|
Batting: RHB Danny Runberg
|
0-0: Ball 1-0: Ball 2-0: 2-RUN HOME RUN (Flyball, 78XD, EV 106.9 MPH), Distance : 428 ft
|
Batting: RHB Jack Nickleberry
|
0-0: Called Strike 0-1: Swinging Strike 0-2: Strikes out looking
|
Pitching: RHP Victor Delgado
|
|
Batting: RHB Josh Jones
|
0-0: Swinging Strike 0-1: Foul Ball, location: 2F 0-2: Foul Ball, location: 2F 0-2: Ball 1-2: Ground out U3 (Groundball, 13, EV 81.9 MPH)
|
Top of the 3rd over - 2 runs, 2 hits, 0 errors, 0 left on base; Kingsport 6 - Ogden 0 |
BOTTOM OF THE 3RD |
Ogden Raptors batting - Pitching for Kingsport Mets : RHP Wei-hong Qi
|
Batting: RHB Bob Magana
|
0-0: Swinging Strike 0-1: Fly out, F8 (Flyball, 78S, EV 90.6 MPH)
|
Batting: RHB Charles Blatchford
|
0-0: Ball 1-0: Swinging Strike 1-1: Ball 2-1: Foul Ball, location: 2F 2-2: Ball 3-2: Base on Balls
|
Batting: SHB Josh Vaill
|
0-0: Called Strike 0-1: Called Strike 0-2: Strikes out swinging
|
Batting: LHB Santiago Chavira
|
0-0: Fielders Choice at 2nd, 6-4 (Groundball, 6, EV 86.3 MPH)
|
Bottom of the 3rd over - 0 runs, 0 hits, 0 errors, 1 left on base; Kingsport 6 - Ogden 0 |
TOP OF THE 4TH |
Kingsport Mets batting - Pitching for Ogden Raptors : RHP Victor Delgado
|
Batting: SHB Callum Lynch
|
0-0: Ball 1-0: Foul Ball, location: 2F 1-1: Swinging Strike 1-2: Ball 2-2: Ball 3-2: Ground out 4-3 (Groundball, 4, EV 77.5 MPH)
|
Batting: SHB Jason Evans
|
0-0: Ball 1-0: Foul Ball, location: 2F 1-1: Ball 2-1: DOUBLE (Line Drive, 5D, EV 104.4 MPH)
|
Batting: RHB Coltin Nellis
|
0-0: Called Strike 0-1: DOUBLE (Line Drive, 8LXD, EV 103.8 MPH) Jason Evans scores
|
Batting: RHB Jerry Burch
|
0-0: Ball 1-0: Ground out 6-3 (Groundball, 6, EV 95.6 MPH)
|
Pitching: RHP Charles Durand
|
|
Batting: RHB J.D. Brese
|
0-0: Ball 1-0: Foul Ball, location: 2F 1-1: Ball 2-1: Foul Ball, location: 2F 2-2: Ground out U3 (Groundball, 34, EV 83.8 MPH)
|
Top of the 4th over - 1 run, 2 hits, 0 errors, 1 left on base; Kingsport 7 - Ogden 0 |
BOTTOM OF THE 4TH |
Ogden Raptors batting - Pitching for Kingsport Mets : RHP Wei-hong Qi
|
Batting: LHB Stephen Van Raalte
|
0-0: Ball 1-0: Ball 2-0: Foul Ball, location: 2F 2-1: Ball 3-1: Base on Balls
|
Batting: LHB Mike Dickinson
|
0-0: SINGLE (Line Drive, 89S, EV 98.8 MPH) Stephen Van Raalte to second
|
Batting: LHB Mitchell Casey
|
0-0: Ball 1-0: Ball 2-0: Ball 3-0: Base on Balls Stephen Van Raalte to third Mike Dickinson to second
|
Batting: RHB Gary Ming
|
0-0: Ball 1-0: Ball 2-0: Called Strike 2-1: Ball 3-1: Fielders Choice at 2nd, 3-6 (Groundball, 34, EV 85.6 MPH) Stephen Van Raalte scores Mike Dickinson to third
|
Batting: RHB Kevin Ezell
|
0-0: Ball 1-0: Foul Ball, location: 2F 1-1: Hit by Pitch Gary Ming to second
|
Batting: RHB Bob Magana
|
0-0: Ball 1-0: Ball 2-0: Ball 3-0: Base on Balls Mike Dickinson scores Gary Ming to third Kevin Ezell to second
|
Batting: RHB Charles Blatchford
|
0-0: GRAND SLAM HOME RUN (Flyball, 7D, EV 103.8 MPH), Distance : 401 ft
|
Pitching: RHP Gabe Kelso
|
|
Batting: SHB Josh Vaill
|
0-0: Ball 1-0: Called Strike 1-1: Called Strike 1-2: Strikes out swinging
|
Batting: LHB Santiago Chavira
|
0-0: SINGLE (Flyball, 8LS, EV 91.9 MPH)
|
Batting: LHB Stephen Van Raalte
|
0-0: Called Strike 0-1: Ball 1-1: Ball 2-1: Called Strike 2-2: Foul Ball, location: 2F 2-2: Ball 3-2: Ground out 6-3 (Groundball, 6, EV 98.1 MPH)
|
Bottom of the 4th over - 6 runs, 3 hits, 0 errors, 1 left on base; Kingsport 7 - Ogden 6 |
TOP OF THE 5TH |
Kingsport Mets batting - Pitching for Ogden Raptors : RHP Charles Durand
|
Batting: RHB Frank Shaw
|
0-0: Ball 1-0: SINGLE (Flyball, 34D, EV 90.0 MPH)
|
Batting: RHB Danny Runberg
|
0-0: Ball 1-0: Ball 2-0: Called Strike 2-1: Ball 3-1: Foul Ball, location: 2F 3-2: Base on Balls Frank Shaw to second
|
Batting: RHB Jack Nickleberry
|
0-0: Called Strike 0-1: Foul Ball, location: 2F 0-2: Fielders Choice at 2nd, 4-6 (Groundball, 4MS, EV 85.6 MPH) Frank Shaw to third
|
Batting: RHB Josh Jones
|
0-0: Called Strike 0-1: DOUBLE (Line Drive, 9LM, EV 108.1 MPH) Frank Shaw scores Jack Nickleberry to third
|
Pitching: RHP Justin Donovan
|
|
Batting: SHB Callum Lynch
|
0-0: Ball 1-0: Ball Balk! Jack Nickleberry scores Josh Jones to third 2-0: Ball 3-0: Called Strike 3-1: Foul Ball, location: 2F 3-2: Strikes out swinging
|
Batting: SHB Jason Evans
|
0-0: DOUBLE (Flyball, 78D, EV 92.5 MPH) Josh Jones scores
|
Batting: RHB Coltin Nellis
|
0-0: Foul Ball, location: 2F 0-1: Called Strike 0-2: Ball 1-2: Ball 2-2: Strikes out swinging
|
Top of the 5th over - 3 runs, 3 hits, 0 errors, 1 left on base; Kingsport 10 - Ogden 6 |
BOTTOM OF THE 5TH |
Ogden Raptors batting - Pitching for Kingsport Mets : RHP Gabe Kelso
|
Batting: LHB Mike Dickinson
|
0-0: Ball 1-0: Called Strike 1-1: Ball 2-1: Ball 3-1: Base on Balls
|
Batting: LHB Mitchell Casey
|
0-0: Called Strike 0-1: Fielders Choice at 2nd, 3-6 (Groundball, 3, EV 80.6 MPH)
|
Batting: RHB Gary Ming
|
0-0: SINGLE (Line Drive, 89M, EV 111.9 MPH) Mitchell Casey to second
|
Batting: RHB Kevin Ezell
|
0-0: Called Strike 0-1: Ball 1-1: Grounds into double play, 5-4-3 (Groundball, 56, EV 81.9 MPH)
|
Bottom of the 5th over - 0 runs, 1 hit, 0 errors, 1 left on base; Kingsport 10 - Ogden 6 |
TOP OF THE 6TH |
Kingsport Mets batting - Pitching for Ogden Raptors : RHP Justin Donovan
|
Batting: RHB Jerry Burch
|
0-0: Ball 1-0: Called Strike 1-1: Ground out 4-3 (Groundball, 4M, EV 80.6 MPH)
|
Batting: RHB J.D. Brese
|
0-0: Ball 1-0: Foul Ball, location: 2F 1-1: DOUBLE (Line Drive, 9LS, EV 92.5 MPH)
|
Batting: RHB Frank Shaw
|
0-0: Ball 1-0: Swinging Strike 1-1: Ball 2-1: Foul Ball, location: 2F 2-2: Strikes out swinging
|
Batting: RHB Danny Runberg
|
0-0: Ball 1-0: DOUBLE (Flyball, 7LD, EV 96.9 MPH) J.D. Brese scores
|
Batting: RHB Jack Nickleberry
|
0-0: Called Strike 0-1: Ball 1-1: Ball 2-1: Ball 3-1: Base on Balls
|
Batting: RHB Josh Jones
|
0-0: Ball 1-0: Called Strike 1-1: Fly out, F8 (Flyball, 89D, EV 108.8 MPH)
|
Top of the 6th over - 1 run, 2 hits, 0 errors, 2 left on base; Kingsport 11 - Ogden 6 |
BOTTOM OF THE 6TH |
Ogden Raptors batting - Pitching for Kingsport Mets : RHP Gabe Kelso
|
Batting: RHB Bob Magana
|
0-0: Ground out U3 (Groundball, 3, EV 86.3 MPH)
|
Batting: RHB Charles Blatchford
|
0-0: Ground out 6-3 (Groundball, 6, EV 86.3 MPH)
|
Batting: SHB Josh Vaill
|
0-0: Ball 1-0: Ball 2-0: Foul Ball, location: 2F 2-1: Ball 3-1: Called Strike 3-2: Strikes out looking
|
Bottom of the 6th over - 0 runs, 0 hits, 0 errors, 0 left on base; Kingsport 11 - Ogden 6 |
TOP OF THE 7TH |
Kingsport Mets batting - Pitching for Ogden Raptors : RHP Justin Donovan
|
Batting: SHB Callum Lynch
|
0-0: Ball 1-0: Ball 2-0: Ball 3-0: Called Strike 3-1: Called Strike 3-2: Base on Balls
|
Batting: SHB Jason Evans
|
0-0: Ball 1-0: SINGLE (Groundball, 34D, EV 99.4 MPH) Callum Lynch to second Runner from 2nd tries for 3rd, SAFE, throw by RF made to third
|
Batting: RHB Coltin Nellis
|
0-0: Ball 1-0: Ball 2-0: DOUBLE (Line Drive, 9LM, EV 106.3 MPH) Callum Lynch scores Jason Evans to third
|
Batting: RHB Jerry Burch
|
0-0: Ball 1-0: Ball 2-0: Called Strike 2-1: Ball 3-1: Base on Balls
|
Batting: RHB J.D. Brese
|
0-0: Called Strike 0-1: Foul Ball, location: 2F 0-2: Ball 1-2: DOUBLE (Line Drive, 9LM, EV 104.4 MPH) Jason Evans scores Coltin Nellis scores Jerry Burch to third
|
Batting: RHB Frank Shaw
|
0-0: SINGLE (Groundball, 6D, EV 103.1 MPH) Jerry Burch scores J.D. Brese to third
|
Batting: RHB Danny Runberg
|
0-0: Ball 1-0: Called Strike 1-1: Swinging Strike 1-2: Strikes out swinging
|
Batting: RHB Jack Nickleberry
|
0-0: Called Strike 0-1: Ball 1-1: Foul Ball, location: 2F 1-2: Strikes out swinging
|
Pitching: RHP Matt Alderson
|
|
Batting: RHB Josh Jones
|
0-0: Ball 1-0: Called Strike 1-1: DOUBLE (Line Drive, 89D, EV 103.8 MPH) J.D. Brese scores Frank Shaw to third Runner from 3rd tries for Home, SAFE, no throw by CF
|
Batting: SHB Callum Lynch
|
0-0: Called Strike 0-1: Ground out U3 (Groundball, 34S, EV 82.5 MPH)
|
Top of the 7th over - 6 runs, 5 hits, 0 errors, 1 left on base; Kingsport 17 - Ogden 6 |
BOTTOM OF THE 7TH |
Ogden Raptors batting - Pitching for Kingsport Mets : RHP Gabe Kelso
|
Batting: LHB Santiago Chavira
|
0-0: Ground out U3 (Groundball, 3S, EV 90.0 MPH)
|
Batting: LHB Stephen Van Raalte
|
0-0: Swinging Strike 0-1: Ball 1-1: Called Strike 1-2: Strikes out looking
|
Pinch Hitting: RHB Junro Kato
|
0-0: Ball 1-0: Fly out, F9 (Flyball, 89S, EV 86.3 MPH)
|
Bottom of the 7th over - 0 runs, 0 hits, 0 errors, 0 left on base; Kingsport 17 - Ogden 6 |
TOP OF THE 8TH |
Kingsport Mets batting - Pitching for Ogden Raptors : RHP Matt Alderson
|
Now at 1B: Junro Kato
|
|
Batting: SHB Jason Evans
|
0-0: Ball 1-0: SINGLE (Groundball, 4D, EV 107.5 MPH)
|
Pinch Hitting: LHB Justin Engelhard
|
0-0: Foul Ball, location: 2F 0-1: Ball 1-1: Foul Ball, location: 2F 1-2: Ball 2-2: Foul Ball, location: 2F 2-2: SINGLE (Line Drive, 6M, EV 96.9 MPH) Jason Evans to second
|
Pinch Hitting: RHB Dan House
|
0-0: Called Strike 0-1: SINGLE (Groundball, 6D, EV 103.1 MPH) Jason Evans to third Justin Engelhard to second Runner from 3rd tries for Home, throw by CF and OUT! 8-2
|
Batting: RHB J.D. Brese
|
0-0: Foul Ball, location: 2F 0-1: Called Strike 0-2: Ball 1-2: Ball 2-2: Ball 3-2: Foul Ball, location: 2F 3-2: Fly out, F8 (Flyball, 8LS, EV 86.9 MPH)
|
Batting: RHB Frank Shaw
|
0-0: Called Strike 0-1: Called Strike 0-2: Strikes out looking
|
Top of the 8th over - 0 runs, 3 hits, 0 errors, 2 left on base; Kingsport 17 - Ogden 6 |
BOTTOM OF THE 8TH |
Ogden Raptors batting - Pitching for Kingsport Mets : RHP Gabe Kelso
|
Pitching: LHP Scott Carr
|
|
Now at 3B: Dan House
|
|
Now in LF: Justin Engelhard
|
|
Pinch Hitting: LHB Tore Bosch
|
0-0: SINGLE (Flyball, 8LS, EV 86.3 MPH)
|
Batting: RHB Gary Ming
|
0-0: Ball 1-0: DOUBLE (Flyball, 89D, EV 105.0 MPH) Tore Bosch to third
|
Batting: RHB Kevin Ezell
|
0-0: Ground out 5-3 (Groundball, 5S, EV 78.8 MPH)
|
Batting: RHB Bob Magana
|
0-0: Foul Ball, location: 2F 0-1: Swinging Strike 0-2: Foul Ball, location: 2F 0-2: Ball 1-2: Strikes out looking
|
Batting: RHB Charles Blatchford
|
0-0: Ground out 6-3 (Groundball, 6, EV 85.6 MPH)
|
Bottom of the 8th over - 0 runs, 2 hits, 0 errors, 2 left on base; Kingsport 17 - Ogden 6 |
TOP OF THE 9TH |
Kingsport Mets batting - Pitching for Ogden Raptors : RHP Matt Alderson
|
Now in LF: Tore Bosch
|
|
Batting: RHB Danny Runberg
|
0-0: Ball 1-0: Called Strike 1-1: Ball 2-1: Called Strike 2-2: Ground out 5-3 (Groundball, 56S, EV 71.9 MPH)
|
Batting: RHB Jack Nickleberry
|
0-0: Ball 1-0: Called Strike 1-1: Ball 2-1: Foul Ball, location: 2F 2-2: Fly out, F6 (Popup, 6M, EV 75.0 MPH)
|
Batting: RHB Josh Jones
|
0-0: SINGLE (Line Drive, 8RS, EV 87.5 MPH)
|
Batting: SHB Callum Lynch
|
0-0: Ball 1-0: Swinging Strike 1-1: Foul Ball, location: 2F 1-2: Fielders Choice at 2nd, 5-4 (Groundball, 56, EV 98.1 MPH)
|
Top of the 9th over - 0 runs, 1 hit, 0 errors, 1 left on base; Kingsport 17 - Ogden 6 |
BOTTOM OF THE 9TH |
Ogden Raptors batting - Pitching for Kingsport Mets : LHP Scott Carr
|
Batting: SHB Josh Vaill
|
0-0: Called Strike 0-1: Ball 1-1: Foul Ball, location: 2F 1-2: Strikes out looking
|
Batting: LHB Santiago Chavira
|
0-0: Ground out U3 (Groundball, 34, EV 93.8 MPH)
|
Batting: LHB Stephen Van Raalte
|
0-0: Ball 1-0: Called Strike 1-1: Foul Ball, location: 2F 1-2: Ball 2-2: Ball 3-2: Fly out, F7 (Flyball, 78S, EV 85.0 MPH)
|
Bottom of the 9th over - 0 runs, 0 hits, 0 errors, 0 left on base; Kingsport 17 - Ogden 6 |
|